 Dungeon Crawl Stone Soup version 0.31-a0-963-ga325b2283a (webtiles) character file.

Game seed: 12426685946163290970

29 Gladio the Slasher (level 2, -4/24 HPs)
             Began as a Demigod Gladiator on Oct 24, 2023.
             Slain by Sigmund
             ... wielding a +0 scythe
              (6 damage)
             ... on level 2 of the Dungeon.
             The game lasted 00:01:36 (1234 turns).

Gladio the Slasher (Demigod Gladiator)              Turns: 1234, Time: 00:01:36

Health: -4/24      AC:  6    Str: 15    XL:     2   Next: 81%
Magic:  4/4        EV: 11    Int: 10    God:
Gold:   56         SH:  0    Dex: 15    Spells: 1/1 levels left

rFire   . . .        a - +0 long sword
rCold   . . .        (no shield)
rNeg    . . .        j - +0 ring mail
rPois   .            c - +0 helmet
rElec   .            (no cloak)
rCorr   .            (no gloves)
SInv    .            (no boots)
Will    .....        (no amulet)
Stlth   +            (no ring)
HPRegen 0.24/turn    (no ring)
MPRegen 0.09/turn

%: no passive effects
@: no status effects
A: high MP 1, forlorn, divine attributes
a: no special abilities


You were on level 2 of the Dungeon.
You visited 1 branch of the dungeon, and saw 2 of its levels.

You collected 56 gold pieces.

Inventory:

Hand Weapons
 a - a +0 long sword (weapon)
Missiles
 d - 3 throwing nets (quivered)
 e - a javelin
 i - 4 silver javelins
Armour
 b - a +0 leather armour
 c - a +0 helmet (worn)
 j - a +0 ring mail (worn)
Scrolls
 f - a scroll of blinking {unknown}
 n - 2 scrolls of noise {unknown}
 o - a scroll of fear {unknown}
Potions
 g - a potion of brilliance {unknown}
 h - a potion of ambrosia {unknown}
 k - a potion of haste {unknown}
 l - a potion of curing
 m - a potion of degeneration {unknown}


   Skills:
 + Level 2.1 Fighting
 * Level 3.3 Long Blades
 - Level 1.7 Throwing
 + Level 3.0 Dodging


You had one spell level left.
You didn't know any spells.
Your spell library contained the following spells:

 Spells                   Type           Power      Damage    Failure   Level
 Sandblast                Erth           0%         2d4       58%         1
 Passwall                 Tmut/Erth      0%         N/A       75%         2
 Stone Arrow              Conj/Erth      0%         3d7       92%         3
 Brom's Barrelling Bould  Conj/Erth      0%         2d3       100%        4


Dungeon Overview and Level Annotations

Branches:
Dungeon (2/15)

Annotations:
D:2 Sigmund


Innate Abilities, Weirdness & Mutations

You have an increased reservoir of magic. (+10% MP)
You shall have no god before yourself.
Your divine heritage dramatically boosts your attributes as you level up.


Message History

The rat bites you.
You closely miss the rat. The rat misses you.
You hit the rat.
The rat is severely wounded.
The rat closely misses you. The rat barely misses you.
You hit the rat.
You kill the rat!
Sigmund mumbles some strange words.
Sigmund flickers and vanishes!
Deactivating autopickup; reactivate with Ctrl-A.
You slash the frilled lizard!
You kill the frilled lizard!
The gnoll shouts!
You see here a frilled lizard corpse.
Something hits you. The gnoll barely misses you. Something hits you.
The gnoll hits you but does no damage.
You hit the gnoll.
The gnoll is moderately wounded.
The gnoll hits you but does no damage. The gnoll hits you with a +0 flail!
* * * LOW HITPOINT WARNING * * *
You are too injured to fight recklessly!
You are too injured to fight recklessly!
You are too injured to fight recklessly!
You are too injured to fight recklessly!
You are too injured to fight recklessly!
You are too injured to fight recklessly!
You are too injured to fight recklessly!
You are too injured to fight recklessly!
Unknown command.
There are monsters nearby!
There are monsters nearby!
There are monsters nearby!
Something hits you.
* * * LOW HITPOINT WARNING * * *
The gnoll hits you from afar with a +0 spear.
* * * LOW HITPOINT WARNING * * *
The endoplasm attacks as it pursues you!
The endoplasm barely misses you. Something hits you.
You die...

##...## ##..♣..##
#.......## #.....♣..##
#..<......#
#.....♣...##
#........... #
.####..♣).#.##. . #.
..#..##@..## # .l #.
..#..g..####.
#.#.#####.#..J.......#
#..l..#...#.g...######
#....#.#.......#
#..##.#.....###
#...!.'..?....
##.##g#.....##
####.........##


You could see 2 gnolls, an endoplasm and a hobgoblin (wandering).

Vanquished Creatures
  2 dart slugs (D:1)
  A ball python (D:1)
  4 bats (D:1)
  An endoplasm (D:1)
  A giant cockroach (D:1)
  2 goblins
  A hobgoblin (D:2)
  2 kobolds
  3 quokkas (D:1)
  3 frilled lizards
  4 rats
24 creatures vanquished.

Notes
Turn   | Place    | Note
-------+----------+-------------------------------------------
     0 | D:1      | Gladio the Demigod Gladiator began the quest for the Orb.
     0 | D:1      | Reached XP level 1. HP: 17/17 MP: 3/3
   274 | D:1      | Reached XP level 2. HP: 24/24 MP: 4/4
  1123 | D:2      | Noticed Sigmund
  1234 | D:2      | Slain by Sigmund

Illustrated notes

Levels and vault maps discovered:
D:1:      elethiomel_arrival_shortcut, layout_basic, minmay_split_cup_large
D:2:      layout_basic, nicolae_concentric_dashed_squares_wild,
          grunt_ministairs_9, uniq_sigmund

Skill      XL: |  1  2 |
---------------+-------+-----
Fighting       | 2 |  2.1
Long Blades    | 3 |  3.3
Dodging        | 3 |  3.0
Throwing       | |  1.7

Action                     || total
---------------------------++-------
  Melee: Long sword        ||    86
         Punch             ||     1
    Use: Potion            ||     1
   Stab: Sleeping          ||     1
 Armour: Ring mail         ||    59
         Leather armour    ||    12
  Dodge: Dodged            ||    67

Table legend: (Time is in decaauts)
 A = Elapsed time spent in this place.
 B = Non-inter-level travel time spent in this place.
 C = Inter-level travel time spent in this place.
 D = Time resting spent in this place.
 E = Time spent auto-exploring this place.
 F = Levels seen in this place.
 G = Mean time per level.
                   A        B        C        D        E       F      G
               +--------+--------+--------+--------+--------+-----+--------+
         Total |   1255 |   1172 |     83 |      0 |    951 |   2 |  627.5 |
       Dungeon |   1255 |   1172 |     83 |      0 |    951 |   2 |  627.5 |
               +--------+--------+--------+--------+--------+-----+--------+

Top non-repeatable levels by time:
     D:1: 1180 daAuts
     D:2: 74 daAuts
